 Dungeon Crawl Stone Soup version 0.18-a0-1560-ge216ca8 (webtiles) character file.

3299 gorblad the Fighter (level 9, 0/145 HPs)
             Began as a Troll Berserker on Mar 12, 2016.
             Was an Elder of Trog.
             Slain by Erica
             ... wielding a +4 scimitar of flaming
              (5 damage)
             ... on level 8 of the Dungeon.
             The game lasted 00:12:29 (6571 turns).

gorblad the Fighter (Troll Berserker)               Turns: 6571, Time: 00:12:29

Health: 0/145      AC:  7    Str: 35    XL:     9   Next: 70%
Magic:  8/8        EV: 12    Int:  3    God:    Trog [****..]
Gold:   383        SH:  0    Dex:  9    Spells: 0 memorised, 8 levels left

rFire  . . .     SeeInvis .       - Unarmed
rCold  + + .     Gourm    +     a - +0 animal skin
rNeg   . . .     Faith    .     (no shield)
rPois  +         Spirit   .     (helmet restricted)
rElec  +         Dismiss  .     h - +1 cloak
rCorr  +         Reflect  .     (gloves unavailable)
SustAt .         Harm     .     (boots unavailable)
MR     ++...                    (no amulet)
Stlth  ..........               (no ring)
                                s - ring of ice

@: berserking, resistant, regenerating, drained, very quick, very resistant to
hostile enchantments, extremely unstealthy
A: unfitting armour, claws 3, fast metabolism 3, gourmand, regeneration 2,
shaggy fur 1, tough skin 2
a: Berserk, Trog's Hand, Brothers in Arms, Burn Spellbooks, Renounce Religion


You were on level 8 of the Dungeon.
You worshipped Trog.
Trog was greatly pleased with you.
You were very full.

You visited 1 branch of the dungeon, and saw 8 of its levels.

You collected 383 gold pieces.

Inventory:

Armour
 a - a +0 animal skin (worn)
 h - a +1 cloak (worn)
Jewellery
 e - an uncursed amulet of dismissal
 s - a ring of ice (left claw)
 u - an uncursed ring of flight
Wands
 v - a wand of iceblast (8/15)
 y - a wand of slowing (25/48)
Scrolls
 c - 6 scrolls of remove curse
 i - a scroll of fog
 m - 2 scrolls of enchant weapon
 n - 4 scrolls of teleportation
Potions
 f - a potion of agility
 g - a potion of resistance
 k - a potion of mutation
 l - a potion of ambrosia {unknown}
 o - a potion of curing {unknown}
 r - a potion of might {unknown}
Books
 t - a book of Changes

   Spells                             Type                      Level
   a - Beastly Appendage              Transmutation                1
   b - Sticks to Snakes               Transmutation                2
   c - Spider Form                    Transmutation/Poison         3
   d - Ice Form                       Ice/Transmutation            4
   e - Blade Hands                    Transmutation                5
   Trog disapproves of the use of such an item.
Comestibles
 b - 9 bread rations
 j - 3 meat rations
 p - a beef jerky
 q - 6 fruits
 x - a slice of pizza
 z - a royal jelly


   Skills:
 + Level 8.6(8.1) Fighting
 + Level 8.6(8.1) Dodging
 - Level 3.0(2.5) Unarmed Combat


You had 8 spell levels left.
You didn't know any spells.

Dungeon Overview and Level Annotations

Branches:
Dungeon (8/15)             Temple (0/1) D:4
   Lair: D:8-11

Altars:
Elyvilon
Fedhas
Kikubaaqudgha
Nemelex Xobeh
Pakellas
Vehumet

Annotations:
D:8 Erica


Innate Abilities, Weirdness & Mutations

You are too large for most types of armour.
You have claws for hands.
Your metabolism is lightning-fast.
You like to eat raw meat.
You heal very quickly.
You are covered in fur (AC +1).
You have very tough skin (AC +2).


Message History

You miss something. You closely miss something. Something hits you!
* * * LOW HITPOINT WARNING * * *
Something burns you.
* * * LOW HITPOINT WARNING * * *
You miss something. You barely miss something. Something hits you.
* * * LOW HITPOINT WARNING * * *
Something burns you.
* * * LOW HITPOINT WARNING * * *
You closely miss something. You scratch something.
Something hits you but does no damage.
You miss something. You miss something. Something hits you.
* * * LOW HITPOINT WARNING * * *
Something burns you.
* * * LOW HITPOINT WARNING * * *
You closely miss something. You mangle something!! Something hits you.
You die...

########+##+#.
#.............
#.............
#.............
#.............
#.....<.......
#..$..@.......
#......{......
#.....##+######
#..... #.....
#.... +....
#...


There were no monsters in sight!

Vanquished Creatures
  The ghost of ConnectionFaild the Basher, a novice GrFi of Okawaru (D:7)
  The ghost of pedritolo the Changer, a novice DrTm of Jiyva (D:6)
  The ghost of Ijustatesigmund the Insei, a novice OpTm of Cheibriados (D:5)
  Grinder (D:5)
  Duvessa (D:7)
  A sky beast (D:7)
  2 ice beasts
  An ogre (D:6)
  3 centaurs
  2 giant frogs
  3 scorpions
  Dowan (D:7)
  3 wights (D:7)
  A centaur zombie (D:7)
  A giant frog zombie (D:7)
  3 hounds
  5 orc priests
  A centaur skeleton (D:4)
  3 iguanas
  2 orc wizards
  2 worker ants
  A killer bee zombie (D:6)
  A hound zombie (D:5)
  A worker ant zombie (D:7)
  10 adders
  4 gnolls (D:5)
  A howler monkey skeleton (D:5)
  2 shadow imps (D:6)
  An ooze (D:2)
  2 worms
  A dart slug (D:2)
  8 giant geckos
  26 orcs
  8 bats
  3 giant cockroaches
  10 hobgoblins
  9 jackals
  7 kobolds
  2 quokkas
  2 ball pythons
  11 giant newts
  8 goblins
  A jackal skeleton (D:5)
  21 rats
179 creatures vanquished.

Vanquished Creatures (others)
  A hobgoblin (D:2)
  A rat (D:2)
2 creatures vanquished.

Grand Total: 181 creatures vanquished

Notes
Turn   | Place    | Note
--------------------------------------------------------------
     0 | D:1      | gorblad the Troll Berserker began the quest for the Orb.
     0 | D:1      | Reached XP level 1. HP: 22/22 MP: 0/0
   136 | D:1      | Reached XP level 2. HP: 29/29 MP: 1/1
   158 | D:1      | Reached ** piety under Trog
   695 | D:2      | Reached XP level 3. HP: 37/37 MP: 2/2
  1020 | D:2      | Found a sparkling altar of Nemelex Xobeh.
  1054 | D:2      | Reached XP level 4. HP: 45/45 MP: 3/3
  1138 | D:2      | Found a white marble altar of Elyvilon.
  1370 | D:3      | Reached *** piety under Trog
  1689 | D:3      | Reached XP level 5. HP: 52/54 MP: 4/4
  2181 | D:4      | Found a staircase to the Ecumenical Temple.
  2183 | D:4      | Found an oddly glowing altar of Pakellas.
  2460 | D:4      | Found a radiant altar of Vehumet.
  2507 | D:4      | Reached XP level 6. HP: 61/63 MP: 5/5
  2728 | D:4      | Found an ancient bone altar of Kikubaaqudgha.
  2732 | D:4      | Found a blossoming altar of Fedhas.
  2857 | D:5      | Entered Level 5 of the Dungeon
  2940 | D:5      | Reached **** piety under Trog
  3205 | D:5      | Noticed an ice beast
  3226 | D:5      | Killed an ice beast
  3285 | D:5      | Reached skill level 5 in Fighting
  3289 | D:5      | Reached skill level 5 in Dodging
  3289 | D:5      | Reached XP level 7. HP: 58/72 MP: 6/6
  3422 | D:5      | Noticed Grinder
  3426 | D:5      | Noticed Ijustatesigmund's ghost (novice OpTm)
  3439 | D:5      | Killed Ijustatesigmund's ghost
  3443 | D:5      | Killed Grinder
  3443 | D:5      | Reached XP level 8. HP: 83/83 MP: 7/7
  3946 | D:6      | Received a gift from Trog
  4437 | D:6      | Noticed pedritolo's ghost (novice DrTm)
  4456 | D:6      | Killed pedritolo's ghost
  4764 | D:6      | Reached XP level 9. HP: 93/93 MP: 8/8
  5233 | D:7      | Noticed ConnectionFaild's ghost (novice GrFi)
  5242 | D:7      | Killed ConnectionFaild's ghost
  5488 | D:7      | Noticed Duvessa
  5488 | D:7      | Noticed Dowan
  5494 | D:7      | Killed Dowan
  5502 | D:7      | Killed Duvessa
  6548 | D:8      | Noticed Erica
  6563 | D:8      | HP: 6/145 [something (5)]
  6569 | D:8      | HP: 5/145 [something (5)]
  6571 | D:8      | Slain by Erica

Vault maps used:
D:1:      erik_arrival_orb_chamber, minmay_misc_feat_x
D:2:      elyvilon_altar_4, first_bread, serial_park_tiny_pond,
          nemelex_spade_bored_becter
D:4:      marbit_many_paths, overflow_temple_1_default,
          grunt_temple_overflow_growth_and_decay, temple_fountains
D:5:      minmay_lizard_king, uniq_grinder
D:7:      uniq_duvessa
D:8:      corexii_shack_village, uniq_erica, uniq_grum

Skill      XL: |  1  2  3  4  5  6  7  8  9 |
---------------+----------------------------+-----
Fighting       | 3 4 5 6 7 8 |  8.6
Dodging        | 3 4 5 7 8 |  8.6
Unarmed Combat | |  3.0

Action                   |  1- 3 |  4- 6 |  7- 9 || total
-------------------------+-------+-------+-------++-------
Melee: Unarmed           |    98 |   168 |   314 ||   580
Invok: Berserk           |     1 |     1 |     4 ||     6
       Trog's Hand       |       |       |     4 ||     4
       Burn Spellbooks   |       |       |     1 ||     1
  Use: Scroll            |     5 |     6 |     7 ||    18
       Potion            |       |     1 |     1 ||     2
 Stab: Distracted        |     1 |       |       ||     1
       Sleeping          |       |     1 |       ||     1
  Eat: Chunk             |    16 |    20 |    35 ||    71
